 Dungeon Crawl Stone Soup version 0.29-a0-330-g52719c12eb (webtiles) character file.

Game seed: 15286159098237379732

35 tilp the Chiller (level 3, -4/15 HPs)
             Began as a Felid Ice Elementalist on Apr 19, 2022.
             Slain by Natasha (7 damage)
             ... on level 2 of the Dungeon.
             The game lasted 00:02:39 (2366 turns).

tilp the Chiller (Felid Ice Elementalist)           Turns: 2366, Time: 00:02:40

Health: -4/15      AC:  1    Str:  4    XL:     3   Next: 16%
Magic:  3/7        EV: 17    Int: 18    God:
Gold:   110        SH:  0    Dex: 16    Spells: 2/6 levels left
                                        Lives:  0   Deaths: 0

rFire   . . .      SeeInvis +   (weapon unavailable)
rCold   . . .      Faith    .   (shield unavailable)
rNeg    . . .      Spirit   .   (body armour unavailable)
rPois   .          Reflect  .   (helmet unavailable)
rElec   .          Harm     .   (cloak unavailable)
rCorr   .          Rampage  .   (gloves unavailable)
Will    .....                   (boots unavailable)
Stlth   ++........              (no amulet)
HPRegen 0.05/turn               (no ring)
MPRegen 0.10/turn               (no ring)

@: quick
A: very small, claws 1, fangs 3, see invisible, speed 1, shaggy fur 1, stealthy
paws, no weapons or thrown items, no armour, multi-lived
a: no special abilities


You were on level 2 of the Dungeon.
You visited 1 branch of the dungeon, and saw 2 of its levels.

You collected 130 gold pieces.
You spent 20 gold pieces at shops.

Inventory:

Scrolls
 e - a scroll of noise {unknown}
Potions
 a - 2 potions of magic
 b - a potion of lignification {unknown}
 c - a potion of ambrosia {unknown}
 d - 2 potions of curing
 f - a potion of resistance {unknown}


   Skills:
 + Level 1.2 Fighting
 - Level 2.6 Dodging
 - Level 2.6 Stealth
 + Level 2.3 Spellcasting
 * Level 4.1 Ice Magic


You had 2 spell levels left.
You knew the following spells:

 Your Spells              Type           Power      Damage    Failure   Level
a - Freeze                Ice            68%        1d8       3%          1
b - Frozen Ramparts       Ice            34%        1d5       10%         3

Your spell library contained the following spells:

 Spells                   Type           Power      Damage    Failure   Level
 Ozocubu's Armour         Ice            17%        N/A       10%         3
 Hailstorm                Conj/Ice       9%         3d4       58%         4


Dungeon Overview and Level Annotations

Branches:
Dungeon (2/15)

Altars:

Shops:
D:2 *

Annotations:
D:2 1 runed translucent door, Crazy Yiuf, Natasha


Innate Abilities, Weirdness & Mutations

You have sharp claws.
You have razor-sharp teeth.
You have supernaturally acute eyesight. (SInv)
You cover ground quickly. (Speed+)
You are covered in fur. (AC +1)
Your paws help you pounce on unaware monsters.
You are incapable of wielding weapons or throwing items.
You cannot wear armour.
You gain extra lives every three experience levels.


Message History

A kobold is nearby!
Natasha, Servant of Life and Death comes into view.
Natasha hisses angrily.
Natasha claws you.
Casting: Freeze (safe; 3% risk of failure)
Confirm with . or Enter, or press ? or * to list all spells.
Aiming: Freeze (safe; 3% risk of failure)
Press: ? - help, Shift-Dir - straight line, f - Natasha
Aim: Natasha You freeze Natasha.
Natasha is lightly wounded.
Natasha misses you.
Unknown command.
Casting: Freeze (safe; 3% risk of failure)
Confirm with . or Enter, or press ? or * to list all spells.
Aiming: Freeze (safe; 3% risk of failure)
Press: ? - help, Shift-Dir - straight line, f/p - Natasha
Aim: Natasha (lightly wounded)
You freeze Natasha.
Natasha is heavily wounded.
Natasha closely misses you.
Unknown command.
Casting: Freeze (safe; 3% risk of failure)
Confirm with . or Enter, or press ? or * to list all spells.
Aiming: Freeze (safe; 3% risk of failure)
Press: ? - help, Shift-Dir - straight line, f/p - Natasha
Aim: Natasha (heavily wounded)
You freeze Natasha.
Natasha is almost dead.
Natasha claws you!
* * * LOW HITPOINT WARNING * * *
Casting: Freeze (safe; 3% risk of failure)
Confirm with . or Enter, or press ? or * to list all spells.
Aiming: Freeze (safe; 3% risk of failure)
Press: ? - help, Shift-Dir - straight line, f/p - Natasha
Aim: Natasha (almost dead)
You freeze Natasha.
Natasha is almost dead.
Natasha claws you!
You die...

#...##. ...
##...#.. #.. .##
#....#.. .. ...#
#....... ##.##..#
#_...... ......
#......) .K#.#
#....... #h#.#
##...... #@..#
#...†#.
##..#.....###...#.
#..#.....# #...##
#..#.....# ##.. #
##.#.....# #.. #
#.#.....# #.. .
#.#.....# ##.
...###>#.....#
..............#


You could see Natasha and a kobold.

Vanquished Creatures
  A worm (D:2)
  2 dart slugs
  A ball python (D:1)
  4 endoplasms
  A giant cockroach (D:1)
  2 goblins
  A hobgoblin (D:2)
  4 kobolds
  2 quokkas (D:2)
  3 bats (D:1)
  2 frilled lizards (D:2)
  4 rats
27 creatures vanquished.

Notes
Turn   | Place    | Note
-------+----------+-------------------------------------------
     0 | D:1      | tilp the Felid Ice Elementalist began the quest for the
                  | Orb.
     0 | D:1      | Reached XP level 1. HP: 7/7 MP: 4/4
   597 | D:1      | Reached XP level 2. HP: 6/12 MP: 3/6
  1263 | D:1      | Reached skill level 4 in Ice Magic
  1637 | D:2      | Found a runed translucent door.
  1638 | D:2      | Noticed Crazy Yiuf
  1693 | D:2      | Reached skill level 1 in Fighting
  1720 | D:2      | Found a faded altar of an unknown god.
  2008 | D:2      | Reached XP level 3. HP: 11/15 MP: 3/7
  2080 | D:2      | Learned a level 3 spell: Frozen Ramparts
  2325 | D:2      | Found Xyputish's General Store.
  2338 | D:2      | Bought a scroll of identify for 20 gold pieces
  2359 | D:2      | Noticed Natasha
  2366 | D:2      | Slain by Natasha

Illustrated notes

Levels and vault maps discovered:
D:1:      grunt_arrival_crossed_arrows, layout_basic, st_stairs_1,
          nicolae_concentric_dashed_squares_mild, chequers_serial_rivers_micro_e
D:2:      layout_basic, hellmonk_ecumenical_altar_zigzags, serial_shops, shop,
          minmay_small_reverse_x, uniq_natasha, uniq_crazy_yiuf_cottage

Skill      XL: |  1  2 |
---------------+-------+-----
Ice Magic      | 4 |  4.1
Fighting       | 1 |  1.2
Dodging        | |  2.6
Stealth        | |  2.6
Spellcasting   | |  2.3

Action                   || total
-------------------------++-------
Melee: Unarmed           ||    15
       Bite              ||     3
 Cast: Freeze            ||    37
       Frozen Ramparts   ||     1
  Use: Scroll            ||     2
 Stab: Sleeping          ||    11
Dodge: Dodged            ||    18

Table legend: (Time is in decaauts)
 A = Elapsed time spent in this place.
 B = Non-inter-level travel time spent in this place.
 C = Inter-level travel time spent in this place.
 D = Time resting spent in this place.
 E = Time spent auto-exploring this place.
 F = Levels seen in this place.
 G = Mean time per level.
                   A        B        C        D        E       F      G
               +--------+--------+--------+--------+--------+-----+--------+
         Total |   2160 |   2154 |      6 |    767 |   1186 |   2 | 1080.0 |
       Dungeon |   2160 |   2154 |      6 |    767 |   1186 |   2 | 1080.0 |
               +--------+--------+--------+--------+--------+-----+--------+

Top non-repeatable levels by time:
     D:1: 1428 daAuts
     D:2: 731 daAuts
